 Dungeon Crawl Stone Soup version 0.21-a0-401-g0b6bec4 (webtiles) character file.

452 penrosetingle the Vandal (level 7, -1/61 HPs)
             Began as a Naga Artificer on Oct 24, 2017.
             Was a Believer of Nemelex Xobeh.
             Slain by an air elemental (4 damage)
             ... summoned by the player character
             ... on level 3 of the Dungeon.
             The game lasted 00:36:20 (2127 turns).

penrosetingle the Vandal (Naga Artificer)           Turns: 2127, Time: 00:36:20

Health: -1/61      AC:  9    Str: 14    XL:     7   Next: 4%
Magic:  9/9        EV:  2    Int: 12    God:    Nemelex Xobeh [**....]
Gold:   97         SH:  0    Dex: 13    Spells: 6/6 levels left

rFire    . . .     SeeInvis +   H - +0 hunting sling
rCold    . . .     Gourm    .   (no shield)
rNeg     . . .     Faith    .   I - +0 plate armour (curse)
rPois    +         Spirit   .   (no helmet)
rElec    .         Reflect  .   (no cloak)
rCorr    .         Harm     .   D - +0 pair of gloves
MR       .....                  (no barding)
Stlth    ..........             (no amulet)
HPRegen  0.20/turn              (no ring)
MPRegen  0.11/turn              (no ring)

@: very slow
A: see invisible, deformed body, poison resistance, slowness 2, slow metabolism
1, spit poison 1, AC +2
a: Spit Poison, Renounce Religion


You were on level 3 of the Dungeon.
You worshipped Nemelex Xobeh.
Nemelex Xobeh was pleased with you.
You were not hungry.

You visited 1 branch of the dungeon, and saw 3 of its levels.

You collected 97 gold pieces.

Inventory:

Hand Weapons
 a - a +0 short sword
 H - a +0 hunting sling (weapon)
Missiles
 b - 21 sling bullets (quivered)
 g - 46 stones
 r - 50 bolts
Armour
 D - a +0 pair of gloves (worn)
 I - a cursed +0 plate armour (worn)
Wands
 c - a wand of flame (42/48)
 d - a wand of enslavement (13/24)
 e - a wand of random effects (15/48)
Scrolls
 h - a scroll of amnesia {unknown}
 i - a scroll of recharging
 j - 4 scrolls of identify
 k - a scroll of blinking {unknown}
 p - a scroll of magic mapping {unknown}
 q - a scroll of remove curse {unknown}
 u - a scroll of fear {unknown}
 w - a scroll of immolation {unknown}
 C - a scroll of enchant armour {unknown}
Potions
 l - a potion of invisibility {unknown}
 m - 2 potions of heal wounds
 t - a potion of haste {unknown}
 v - a potion of resistance {unknown}
 A - a potion of flight {unknown}
 B - a potion of agility {unknown}
 E - a potion of degeneration {unknown}
 F - a potion of magic {unknown}
 J - a potion of lignification {unknown}
Miscellaneous
 z - a plain deck of summoning {drawn: 5}
 G - a plain deck of destruction {drawn: 6}
Comestibles
 f - 2 bread rations
 n - 6 fruits
 o - 4 meat rations
 s - 5 chunks of flesh
 x - a royal jelly


   Skills:
 + Level 2.8 Fighting
 + Level 1.7 Short Blades
 + Level 3.7(3.8) Slings
 - Level 0.8(2.4) Throwing
 + Level 2.2 Armour
 + Level 1.9 Dodging
 + Level 1.5 Stealth
 + Level 1.7 Invocations
 + Level 3.5 Evocations


You had 6 spell levels left.
You didn't know any spells.

Dungeon Overview and Level Annotations

Branches:
Dungeon (3/15)

Altars:
Fedhas
Nemelex Xobeh
Yredelemnul
The Shining One


Innate Abilities, Weirdness & Mutations

You cannot wear boots.
Your serpentine skin is tough. (AC +2)
You have supernaturally acute eyesight. (SInv)
Armour fits poorly on your strangely shaped body.
Your system is resistant to poisons. (rPois)
You cover ground very slowly.
You have a slow metabolism.
You can spit poison.


Message History

Orders for allies: a - Attack new target. r - Retreat! s - Stop attacking. g - Guard the area. f - Follow me.
Anything else - Cancel.
Gang up on whom?
Press: ? - help, Dir - move target cursor, f - air elemental
Aim: an air elemental (thunder, moderately damaged, summoned) Attack!
The air elemental hits you!
The air elemental hits you but does no damage.
Really slither into that cloud of thunder?
You swap places.
You are standing in a thunderstorm.
You are struck by lightning!
* * * LOW HITPOINT WARNING * * *
The air elemental hits your quarterstaff of Wyrd {drain, +Blink}!
Your quarterstaff of Wyrd {drain, +Blink} is destroyed!
The air elemental hits you.
* * * LOW HITPOINT WARNING * * *
The air elemental hits you.
You die...
Your body disappears without a glow.

##### #####.§§#
##.....#@#
########..#####E#####
##....#...##o§§§...§§#
...##>..###.(#######§y#
## #########_. #(._##.
.# .###. .# ##.# .#
#### ###.# ########
#... #####...######


You could see an air elemental.

Vanquished Creatures
  A gnoll (D:3)
  2 adders
  A worm (D:2)
  3 dart slugs (D:1)
  5 orcs (D:3)
  3 giant cockroaches
  8 goblins
  3 hobgoblins
  2 ball pythons
  8 bats
  5 frilled lizards
  A jackal skeleton (D:2)
  5 kobolds
  5 rats
52 creatures vanquished.

Vanquished Creatures (collateral kills)
  A two-headed ogre (D:3)
  An orc wizard (D:3)
  An adder (D:3)
  2 gnolls (D:3)
  2 orcs (D:3)
  2 hobgoblins
  A frilled lizard (D:3)
  2 rats (D:3)
12 creatures vanquished.

Grand Total: 64 creatures vanquished

Notes
Turn   | Place    | Note
-------+----------+-------------------------------------------
     0 | D:1      | penrosetingle the Naga Artificer began the quest for the Orb.
     0 | D:1      | Reached XP level 1. HP: 18/18 MP: 3/3
   430 | D:1      | Reached XP level 2. HP: 25/25 MP: 4/4
   962 | D:2      | Found a faded altar of an unknown god.
   971 | D:2      | Reached XP level 3. HP: 31/31 MP: 5/5
  1013 | D:2      | Reached skill level 1 in Armour
  1019 | D:2      | Became a worshipper of Nemelex Xobeh the Trickster
  1019 | D:2      | Received a gift from Nemelex Xobeh
  1019 | D:2      | Reached * piety under Nemelex Xobeh
  1019 | D:2      | Received a gift from Nemelex Xobeh
  1573 | D:3      | Received a gift from Nemelex Xobeh
  1626 | D:3      | Found a glowing golden altar of the Shining One.
  1629 | D:3      | Found a basalt altar of Yredelemnul.
  1631 | D:3      | Noticed a profane servitor
  1659 | D:3      | Reached XP level 4. HP: 33/38 MP: 6/6
  1868 | D:3      | Noticed an angel
  1918 | D:3      | Found a blossoming altar of Fedhas.
  1953 | D:3      | Reached skill level 1 in Slings
  2052 | D:3      | Reached ** piety under Nemelex Xobeh
  2056 | D:3      | Noticed a two-headed ogre
  2063 | D:3      | Killed a two-headed ogre
  2063 | D:3      | Reached skill level 1 in Invocations
  2063 | D:3      | Reached XP level 5. HP: 46/46 MP: 7/7
  2063 | D:3      | Reached XP level 6. HP: 55/55 MP: 8/8
  2096 | D:3      | Found a faded altar of an unknown god.
  2096 | D:3      | Found a faded altar of an unknown god.
  2113 | D:3      | Reached XP level 7. HP: 61/61 MP: 9/9
  2123 | D:3      | Noticed an air elemental
  2127 | D:3      | HP: 3/61 [air elemental[the player character] (5)]
  2127 | D:3      | Slain by an air elemental

Vault maps used:
D:1:      dpeg_arrival_water_temple_mockup
D:2:      first_bread, chequers_ecumenical_altar_simple
D:3:      kennysheep_the_goblin_king, grunt_temple_overflow_holy_war,
          fedhas_altar_2, chequers_temple_overflow_minitemple

Skill      XL: |  1  2  3  4 |
---------------+-------------+-----
Armour         | 1 2 |  2.2
Fighting       | 2 |  2.8
Slings         | 3 |  3.7
Invocations    | 1 |  1.7
Short Blades   | |  1.7
Throwing       | |  0.8
Dodging        | |  1.9
Stealth        | |  1.5
Evocations     | |  3.5

Action                   |  1- 3 |  4- 6 |  7- 9 || total
-------------------------+-------+-------+-------++-------
Melee: Short sword       |    72 |       |       ||    72
 Fire: Hunting sling     |    15 |    28 |     2 ||    45
Throw: Stone             |    32 |       |       ||    32
 Abil: Spit Poison       |    41 |    13 |     1 ||    55
Evoke: Wand              |     1 |     4 |     1 ||     6
       Deck              |     4 |     8 |     3 ||    15
  Use: Scroll            |     2 |       |       ||     2
  Eat: Chunk             |     4 |     2 |       ||     6
Armor: Leather armour    |     9 |       |       ||     9
       Scale mail        |    46 |       |       ||    46
       Plate armour      |    11 |    12 |     3 ||    26
Dodge: Dodged            |    48 |     3 |     1 ||    52

Table legend:
 A = Spawn XP
 B = Non-spawn XP
 C = Spawn XP percentage of total XP
 D = Spawn monster count
 E = Non-spawn monster count
 F = Spawn count percentage of total count
 G = Total turns spent on level
                    A         B        C        D         E        F      G
               +---------+---------+-------+---------+---------+-------+---------
         Total |       0 |     646 |   0.0 |       0 |      64 |   0.0 |  2127
               +---------+---------+-------+---------+---------+-------+---------
           D:1 |       0 |      33 |   0.0 |       0 |      18 |   0.0 |   943
           D:2 |       0 |      45 |   0.0 |       0 |      18 |   0.0 |   619
           D:3 |       0 |     568 |   0.0 |       0 |      28 |   0.0 |   565
               +---------+---------+-------+---------+---------+-------+---------
